 Dungeon Sprint DCSS version 0.29-a0-732-g3d7fbe0af2 (webtiles) character file.

Game seed: 12409177434632314119

61 Hipnos the Firebug (level 3, -1/27 (28) HPs)
             Began as a Deep Elf Fire Elementalist on June 29, 2022.
             Slain by a necrophage (4 damage)
             ... in the Dungeon (Sprint II: "The Violet Keep of Menkaure").
             The game lasted 00:00:18 (22 turns).

Hipnos the Firebug (Deep Elf Fire Elementalist)       Turns: 22, Time: 00:00:19

HP:   -1/27 (28)    AC:  2    Str:  5    XL:     3   Next: 83%
MP:   7/11          EV: 13    Int: 21    God:
Gold: 0             SH:  0    Dex: 15    Spells: 11/12 levels left

rFire   . . .      SeeInvis .     - Unarmed
rCold   . . .      Faith    .   (no shield)
rNeg    . . .      Spirit   .   a - +0 robe
rPois   .          Reflect  .   (no helmet)
rElec   .          Harm     .   (no cloak)
rCorr   .          Rampage  .   (no gloves)
Will    .....      NoTele   +   (no boots)
Stlth   ..........              (no amulet)
HPRegen 0.09/turn               (no ring)
MPRegen 0.12/turn               (no ring)

@: berserking (expiring), drained, very quick
A: no striking features
a: no special abilities


You were in the Dungeon.
You visited 1 branch

Inventory:

Armour
 a - a +0 robe (worn)
Scrolls
 g - a scroll of blinking
Potions
 b - 3 potions of magic
 c - a potion of curing
 d - a potion of heal wounds
 e - a potion of haste


   Skills:
 + Level 4.0 Dodging
 + Level 3.7 Stealth
 + Level 1.0 Unarmed Combat
 + Level 5.3 Spellcasting
 + Level 1.3 Conjurations
 + Level 6.8 Fire Magic


You had 11 spell levels left.
You knew the following spells:

 Your Spells              Type           Power      Damage    Failure   Level
a - Foxfire               Conj/Fire      88%        2x1d8     1%          1

Your spell library contained the following spells:

 Spells                   Type           Power      Damage    Failure   Level
 Scorch                   Fire           68%        2d8       1%          2
 Conjure Flame            Conj/Fire      22%        6-21      6%          3
 Inner Flame              Hex/Fire       19%        N/A       8%          3
 Flame Wave               Conj/Fire      22%        2d7       21%         4


Dungeon Overview and Level Annotations

Branches:
Dungeon (1/1)

Altars:


Message History

* * * LOW HITPOINT WARNING * * *
You hit the necrophage.
The necrophage is severely damaged.
You completely miss the necrophage.
The necrophage is severely damaged.
The necrophage closely misses you. x3
You punch the necrophage!
You destroy the necrophage!
The necrophage closely misses you.
Your life force feels restored.
Your Dodging skill gained 2 levels and is now at level 4!
Your Stealth skill increases to level 3!
Your Unarmed Combat skill increases to level 1!
Your Spellcasting skill gained 2 levels and is now at level 5!
Your Fire Magic skill gained 3 levels and is now at level 6!
You have reached level 2!
You have reached level 3!
Your experience leads to an increase in your attributes!
Increase (S)trength, (I)ntelligence, or (D)exterity?
You feel clever. x2
You closely miss the necrophage.
The necrophage hits you but does no damage.
The necrophage misses you.
You hit the necrophage.
The necrophage is lightly damaged.
You hit the necrophage.
The necrophage is moderately damaged.
The necrophage barely misses you. x3
You closely miss the necrophage.
The necrophage is moderately damaged.
The necrophage misses you. The necrophage hits you.
* * * LOW HITPOINT WARNING * * *
You feel drained.
The necrophage hits you but does no damage.
You hit the necrophage.
The necrophage is moderately damaged.
You hit the necrophage.
The necrophage is heavily damaged.
The necrophage hits you.
You die...

## ## ##.
.## .. ..
# .#. ##.
#'#
#.B$##n##
#+n@n+
#.B.##.##
##. #+# #


You could see 3 necrophages.

Vanquished Creatures
  A necrophage (D)
1 creature vanquished.

Notes
Turn   | Place    | Note
-------+----------+-------------------------------------------
     0 | D        | Hipnos the Deep Elf Fire Elementalist began the quest for
                  | the Orb.
     0 | D        | Reached XP level 1. HP: 10/10 MP: 6/6
     1 | D        | Noticed a boulder beetle
     1 | D        | Noticed a boulder beetle
     5 | D        | Noticed a necrophage
     5 | D        | Noticed a necrophage
     5 | D        | Noticed a necrophage
     5 | D        | Noticed a necrophage
    16 | D        | Killed a necrophage
    17 | D        | Reached skill level 1 in Unarmed Combat
    17 | D        | Reached skill level 5 in Spellcasting
    17 | D        | Reached skill level 6 in Fire Magic
    17 | D        | Reached XP level 2. HP: 3/15 MP: 7/10
    17 | D        | Reached XP level 3. HP: 4/19 MP: 7/11
    22 | D        | Slain by a necrophage

Illustrated notes

Levels and vault maps discovered:
D:        the_violet_keep_of_menkaure [sprint2_stairs_cluster_1,
          sprint2_shoproom, sprint2_temple, sprint2_basic_supplies,
          sprint2_obstacle_4, sprint2_obstacle_7, sprint2_obstacle_2,
          sprint2_obstacle_5, sprint2_obstacle_1, sprint2_timed_cluster_1,
          sprint2_smallroom_cluster_1, sprint2_smallroom_final_cluster_1,
          sprint2_transparent_cluster_1, sprint2_second_timed_cluster_1,
          sprint2_sniper_area_1, sprint2_heavy_combat_area_1,
          sprint2_mutation_trap_area_1, sprint2_forest_area_1,
          sprint2_light_combat_area_1, sprint2_behind_water_1,
          sprint2_near_end_vault_1]

Skill      XL: |  1 |
---------------+----+-----
Dodging        | 4 |  4.0
Stealth        | 3 |  3.7
Unarmed Combat | 1 |  1.0
Spellcasting   | 5 |  5.3
Fire Magic     | 6 |  6.8
Conjurations   | |  1.3

Action                   || total
-------------------------++-------
Melee: Unarmed           ||    14
  Use: Potion            ||     1
Armor: Robe              ||     2
Dodge: Dodged            ||    12

Table legend: (Time is in decaauts)
 A = Elapsed time spent in this place.
 B = Non-inter-level travel time spent in this place.
 C = Inter-level travel time spent in this place.
 D = Time resting spent in this place.
 E = Time spent auto-exploring this place.
 F = Levels seen in this place.
 G = Mean time per level.
                   A        B        C        D        E       F      G
               +--------+--------+--------+--------+--------+-----+--------+
         Total |     17 |     17 |      0 |      0 |      0 |   1 |   17.0 |
       Dungeon |     17 |     17 |      0 |      0 |      0 |   1 |   17.0 |
               +--------+--------+--------+--------+--------+-----+--------+

Top non-repeatable levels by time:
       D: 17 daAuts
